 Dungeon Crawl Stone Soup version 0.31.0-32-g396128a36d (webtiles) character file.

Game seed: 4700786734514830401

268 DildoBatman the Conjurer (level 6, -1/46 HPs)
             Began as a Formicid Conjurer on Mar 23, 2024.
             Slain by an ice beast (7 damage)
             ... on level 4 of the Dungeon.
             The game lasted 00:08:44 (2894 turns).

DildoBatman the Conjurer (Formicid Conjurer)        Turns: 2894, Time: 00:08:45

Health: -1/46      AC:  2    Str: 12    XL:     6   Next: 45%
Magic:  1/10       EV: 12    Int: 19    God:
Gold:   110        SH:  0    Dex: 12    Spells: 8/11 levels left

rFire   + . .        a - +2 dagger (drain)
rCold   . . .        (no shield)
rNeg    . . .        l - +0 robe
rPois   .            (helmet unavailable)
rElec   .            (no cloak)
rCorr   .            (no gloves)
SInv    +            (no boots)
Will    .....        (no amulet)
Stlth   ++           q - ring of protection from fire
HPRegen 0.27/turn    (no ring)
MPRegen 0.12/turn

%: no passive effects
@: very slightly contaminated
A: permanent stasis, dig shafts and tunnels, antennae 3, four strong arms
a: Dig, Shaft Self


You were on level 4 of the Dungeon.
You visited 1 branch of the dungeon, and saw 4 of its levels.

You collected 110 gold pieces.

Inventory:

Hand Weapons
 a - a +2 dagger of draining (weapon)
Missiles
 c - 4 curare-tipped darts (quivered)
 e - 3 throwing nets
 n - 8 boomerangs
 s - 4 poisoned darts
Armour
 l - a +0 robe (worn)
 p - the +3 scale mail of Trumpets {rF+ rN+}
   (You found it on level 3 of the Dungeon)

   rF+:       It protects you from fire.
   rN+:       It protects you from negative energy.
Jewellery
 q - a ring of protection from fire (left hand)
Wands
 f - a wand of charming (9)
 i - a wand of acid (8)
Scrolls
 d - a scroll of amnesia {unknown}
 j - a scroll of enchant weapon
 k - a scroll of immolation
 m - a scroll of butterflies
 z - 2 scrolls of identify
Potions
 b - a potion of magic
 g - 2 potions of enlightenment {unknown}
 h - a potion of resistance {unknown}
 o - a potion of haste {unknown}
 r - a potion of heal wounds {unknown}


   Skills:
 + Level 2.4 Fighting
 + Level 2.3 Armour
 + Level 2.8 Dodging
 - Level 4.0 Stealth
 + Level 3.1 Spellcasting
 + Level 4.2 Conjurations


You had 8 spell levels left.
You knew the following spells:

 Your Spells              Type           Power      Damage    Failure   Level
a - Searing Ray           Conj           38%        2d5       4%          2
c - Magic Dart            Conj           76%        1d6       2%          1

Your spell library contained the following spells:

 Spells                   Type           Power      Damage    Failure   Level
 Fulminant Prism          Conj/Alch      5%         3d7       54%         4
 Iskenderun's Mystic Bla  Conj/Tloc      11%        2d4       54%         4


Dungeon Overview and Level Annotations

Branches:
Dungeon (4/15)
 Temple: D:4-7

Altars:

Shops:
D:2 (*

Annotations:
D:2 exclusion: 3 sensed monsters (detected), Sigmund, Terence
D:4 exclusion: ogre


Innate Abilities, Weirdness & Mutations

You cannot be hasted, slowed, berserked, paralysed or teleported.
You can dig through walls and to a lower floor.
You have a pair of large antennae on your head. (SInv)
Your four strong arms can wield two-handed weapons with a shield.


Message History

An ice beast comes into view.
Casting: Searing Ray (safe; 4% risk of failure)
Confirm with . or Enter, or press ? or * to list all spells.
Aiming: Searing Ray (safe; 4% risk of failure)
Press: ? - help, Shift-Dir - straight line, f - ice beast
Aim: an ice beast (78% to hit)
You miscast Searing Ray.
You are very lightly contaminated with residual magic.
Nothing appears to happen.
The ice beast hits you. The ice beast freezes you!
Casting: Searing Ray (safe; 4% risk of failure)
Confirm with . or Enter, or press ? or * to list all spells.
Aiming: Searing Ray (safe; 4% risk of failure)
Press: ? - help, Shift-Dir - straight line, f/p - ice beast
Aim: an ice beast (78% to hit)
The searing ray hits the ice beast but does no damage. (Press . to maintain the ray.)
The ice beast barely misses you.
The searing ray misses the ice beast.
The ice beast hits you. The ice beast freezes you!
The searing ray hits the ice beast.
The ice beast is lightly wounded.
The ice beast closely misses you.
The searing ray hits the ice beast.
The ice beast is moderately wounded.
You finish channelling your searing ray.
The ice beast hits you. The ice beast freezes you!
Casting: Searing Ray (safe; 4% risk of failure)
Confirm with . or Enter, or press ? or * to list all spells.
Aiming: Searing Ray (safe; 4% risk of failure)
Press: ? - help, Shift-Dir - straight line, f/p - ice beast
Aim: an ice beast (moderately wounded, 78% to hit)
The searing ray misses the ice beast. (Press . to maintain the ray.)
The ice beast hits you. The ice beast freezes you!
You die...

....#.###.## #)#.(.#...†....##.?
..<..#...## ....#.#############
#....#....# ............#.......
##...#.....#.....##.#...........#
#.###.#....#...........#.#.####.#
.# ..###...###### #....#.#.# #.#
. ....#.###.# #######.#.#.####.#
#.....# ..## #....##.#.#......#
#O ...#... #@# #............
.###.. #.... #Y# #.#..........
..#.###.# .. #.# ##..##........
.#.....###. ###.###...#.#.......
.#...(..#.###.#.........#.##.....
.#.....#.....##..........##.#....
#?.....#......#..........#.#.####
##.....#.....#............#.##..#
#.###.#......#.............##....


You could see an ice beast.

Vanquished Creatures
  A jelly (D:4)
  2 iguanas (D:4)
  2 orc wizards (D:4)
  A gnoll (D:4)
  3 adders
  3 dart slugs
  3 ribbon worms
  7 orcs
  5 ball pythons
  7 endoplasms
  5 giant cockroaches
  8 goblins
  10 hobgoblins
  3 quokkas
  4 bats
  A frilled lizard (D:3)
  6 kobolds
  10 rats
81 creatures vanquished.

Notes
Turn   | Place    | Note
-------+----------+-------------------------------------------
     0 | D:1      | DildoBatman the Formicid Conjurer began the quest for the
                  | Orb.
     0 | D:1      | Reached XP level 1. HP: 13/13 MP: 3/3
   168 | D:1      | Reached XP level 2. HP: 20/20 MP: 1/5
   171 | D:1      | Learned a level 2 spell: Searing Ray
   351 | D:1      | Found a faded altar of an unknown god.
   418 | D:1      | Reached XP level 3. HP: 25/25 MP: 6/6
   741 | D:1      | Reached skill level 1 in Fighting
   889 | D:1      | Reached skill level 1 in Armour
  1030 | D:2      | HP: 1/26 [ribbon worm (4)]
  1307 | D:2      | Noticed Sigmund
  1362 | D:2      | Reached XP level 4. HP: 32/32 MP: 5/7
  1365 | D:2      | Noticed Terence
  1463 | D:2      | Found Wuduetau's Antique Weapon Shop.
  1468 | D:2      | Found Amoed's Assorted Antiques.
  1709 | D:3      | Identified the +3 scale mail of Trumpets {rF+ rN+}
  1905 | D:3      | Reached XP level 5. HP: 37/37 MP: 5/9
  2346 | D:4      | Noticed an ogre
  2644 | D:4      | Reached XP level 6. HP: 29/44 MP: 3/10
  2876 | D:4      | Noticed an ice beast
  2894 | D:4      | Slain by an ice beast

Illustrated notes

Levels and vault maps discovered:
D:1:      dpeg_arrival_yet_another_circle, layout_loops_corners,
          dreamdust_ecumenical_altar_angels_and_demons, dk_noncrumbling_4,
          minmay_misc_feat_diagonals
D:2:      layout_basic, serial_shops, nicolae_shop_tiny_glass,
          nicolae_shop_statue_plus, shop, glass_columns_a,
          chequers_serial_rivers_micro_a, corexii_leaking_fountain,
          grunt_decor_mini_mirrors, hangedman_decor_growths,
          minmay_pentomino_t2, uniq_robin, uniq_terence, uniq_sigmund,
          uniq_crazy_yiuf_cottage
D:3:      layout_basic, serial_bayou_lagoon_b
D:4:      nicolae_BIG_FREAKIN_CUBE, layout_basic,
          minmay_misc_feat_secret_circle, chequers_serial_rivers_room_a,
          uniq_pikel

Skill      XL: |  1  2  3  4  5  6 |
---------------+-------------------+-----
Dodging        | 2 |  2.8
Fighting       | 1 2 |  2.4
Armour         | 1 2 |  2.3
Stealth        | 3 4 |  4.0
Conjurations   | 4 |  4.2
Spellcasting   | 3 |  3.1

Action                     |  1- 3 |  4- 6 || total
---------------------------+-------+-------++-------
  Melee: Dagger            |    87 |    50 ||   137
         Punch             |     1 |     1 ||     2
   Cast: Magic Dart        |    45 |    39 ||    84
         Searing Ray       |     3 |    14 ||    17
    Use: Scroll            |       |     4 ||     4
   Stab: Sleeping          |     4 |     2 ||     6
 Armour: Robe              |    38 |    36 ||    74
  Dodge: Dodged            |    58 |    34 ||    92
